 Dungeon Crawl Stone Soup version 0.24.1-1-gd1d2a07e1b (webtiles) character file.

Game seed: 2106427528764478309, levelgen mode: deterministic

2461 Gabide the Grappler (level 9, 0/70 (72) HPs)
             Began as a Ghoul Monk on Mar 27, 2020.
             Was a Priest of Yredelemnul.
             Slain by an orc
             ... wielding a +0 falchion
              (8 damage)
             ... on level 6 of the Dungeon on Apr 9, 2020.
             The game lasted 00:31:08 (6605 turns).

Gabide the Grappler (Ghoul Monk)                    Turns: 6605, Time: 00:31:09

HP:   0/70 (72)     AC:  8    Str: 18    XL:     9   Next: 50%
MP:   1/10          EV: 13    Int:  5    God:    Yredelemnul [***...]
Gold: 248           SH:  0    Dex: 11    Spells: 8/8 levels left

rFire    + . .     SeeInvis .     - Unarmed
rCold    + . .     Gourm    .   (no shield)
rNeg     + + +     Faith    .   n - +3 leather armour
rPois    ∞         Spirit   .   p - +0 helmet
rElec    .         Reflect  .   (no cloak)
rCorr    .         Harm     +   (no gloves)
MR       +....                  h - +0 pair of boots
Stlth    ++........             o - amulet of harm
HPRegen  0.00/turn              k - ring of protection from fire
MPRegen  0.12/turn              t - ring of protection from magic

@: rotting
A: rotting body, claws 1, carnivore, cold resistance 1, negative energy
resistance 3, inhibited regeneration, torment resistance, unbreathing
a: Recall Undead Slaves, Injury Mirror, Animate Dead, Renounce Religion


You were on level 6 of the Dungeon.
You worshipped Yredelemnul.
Yredelemnul was most pleased with you.
You were not hungry.

You visited 1 branch of the dungeon, and saw 6 of its levels.

You collected 248 gold pieces.

Inventory:

Hand Weapons
 a - the +5 quarterstaff of Tipe {venom, Int+2}
   (You took it off an orc on level 6 of the Dungeon)

   It poisons the flesh of those it strikes.
   It affects your intelligence (+2).
Missiles
 d - 87 stones (quivered)
Armour
 h - a +0 pair of boots (worn)
 n - a +3 leather armour (worn)
 p - a +0 helmet (worn)
Jewellery
 k - a ring of protection from fire (left claw)
 o - an amulet of harm (around neck)
 t - a ring of protection from magic (right claw)
Wands
 c - a wand of iceblast (12)
 j - a wand of flame (4)
 q - a wand of acid (5)
Scrolls
 f - a scroll of remove curse
Potions
 g - 3 potions of curing
 i - 2 potions of lignification
 l - a potion of might {unknown}
 m - a potion of haste {unknown}
Comestibles
 b - 13 rations


   Skills:
 + Level 4.7 Fighting
 * Level 1.2 Staves
 - Level 4.7 Throwing
 - Level 0.1 Armour
 + Level 4.5 Dodging
 - Level 4.5 Stealth
 - Level 9.5 Unarmed Combat
 - Level 1.0 Invocations
 - Level 3.5 Evocations


You had 8 spell levels left.
You didn't know any spells.
Your spell library was empty.

Dungeon Overview and Level Annotations

Branches:
Dungeon (6/15)             Temple (0/1) D:4

Altars:
Gozag
Xom
Yredelemnul


Innate Abilities, Weirdness & Mutations

Your body is rotting away.
You thrive on raw meat.
You are immune to poison.
You have sharp fingernails.
You are carnivorous and can eat meat at any time.
Your flesh is cold resistant. (rC+)
You are immune to negative energy. (rN+++)
You do not regenerate when monsters are visible.
You are immune to unholy pain and torment.
You can survive without breathing.


Message History

You don't have enough magic at the moment.
You eat one of the 14 rations.
That ration really hit the spot!
You claw the orc!
You kill the orc!
Yredelemnul accepts your kill.
You barely miss the ogre. The ogre barely misses you.
The orc hits you but does no damage.
You claw the ogre!
The ogre is severely wounded.
The orc hits you but does no damage.
You scratch the ogre.
The ogre is severely wounded.
The ogre hits you with a +0 giant spiked club!!
* * * LOW HITPOINT WARNING * * *
You see here a short sword.
As you read the scroll of identify, it crumbles to dust.
g - 3 potions of curing The orc hits you with a +0 falchion!
You die...
Yredelemnul claims you as an undead slave.

.....#)..#...#...#..##.#
#(.)#...#...#.....#
#..#..)#...#...#..#####
#...#...#...#...#...Z.#
#....(..).........###Z#
#.#...#)).#...#...# #.#
#..#.O.#)).#...#..###Z###
#.(.#...#..o#...#.ZZ.Z..#
#..#...#...#@..#..###.#Z#
#.#...#...#...#...# #Z#Z#
#.................# #Z#Z#
#...#...#...#...#Z###.#.#
#..#...#...#...#..ZZZ..Z#
#.#[.)#...#...#...###.###
#..#..)#...#Z..#..# #.#
#...#...#.ZZ#...#.# #.# #
#........Z........# #.#


You could see an orc.

Vanquished Creatures
  Pikel (D:4)
  Sigmund (D:2)
  Menkaure (D:5)
  2 orc warriors (D:6)
  3 slaves (D:4)
  A necrophage (D:6)
  2 phantoms
  An ogre (D:4)
  A bullfrog (D:6)
  2 scorpions
  A water moccasin skeleton (D:6)
  A wight (D:6)
  A howler monkey (D:4)
  3 crimson imps
  3 bullfrog skeletons
  A hound (D:4)
  4 orc priests
  A centaur zombie (D:5)
  6 orc wizards
  2 iguanas
  2 worker ants
  A killer bee zombie (D:6)
  A hound skeleton (D:4)
  Robin (D:4)
  3 gnolls (D:3)
  9 adders
  2 shadow imps
  An ooze (D:4)
  4 worms
  A dart slug (D:2)
  8 leopard geckos
  15 orcs
  8 giant cockroaches
  14 goblins
  8 hobgoblins
  9 jackals
  2 quokkas (D:5)
  6 bats
  6 frilled lizards
  7 kobolds
  A leopard gecko skeleton (D:5)
  5 rats
152 creatures vanquished.

Vanquished Creatures (collateral kills)
  An orc wizard (D:6)
  An adder zombie (D:6)
2 creatures vanquished.

Vanquished Creatures (others)
  A necrophage skeleton (D:6)
  A worker ant zombie (D:6)
  An adder zombie (D:6)
  An iguana zombie (D:6)
  A quokka (D:6)
  12 orc zombies (D:6)
17 creatures vanquished.

Grand Total: 171 creatures vanquished

Notes
Turn   | Place    | Note
-------+----------+-------------------------------------------
     0 | D:1      | Gabide the Ghoul Monk began the quest for the Orb.
     0 | D:1      | Reached XP level 1. HP: 19/19 MP: 0/0
   332 | D:1      | Reached XP level 2. HP: 26/26 MP: 1/1
   837 | D:2      | Reached XP level 3. HP: 23/30 MP: 2/2
   994 | D:2      | Noticed Sigmund
  1002 | D:2      | Reached skill level 4 in Unarmed Combat
  1381 | D:2      | Reached XP level 4. HP: 28/40 MP: 3/3
  1601 | D:2      | Killed Sigmund
  1601 | D:2      | Reached skill level 5 in Unarmed Combat
  1601 | D:2      | Reached XP level 5. HP: 24/46 MP: 4/4
  1601 | D:2      | Reached XP level 6. HP: 27/52 MP: 5/5
  2409 | D:3      | Found a shimmering altar of Xom.
  2798 | D:3      | Reached skill level 6 in Unarmed Combat
  3310 | D:4      | Reached skill level 1 in Throwing
  3310 | D:4      | Reached XP level 7. HP: 30/58 MP: 6/6
  3463 | D:4      | Found an opulent altar of Gozag.
  3464 | D:4      | Noticed Robin
  3799 | D:4      | Killed Robin
  4086 | D:4      | Reached skill level 7 in Unarmed Combat
  4279 | D:4      | Noticed Pikel
  4536 | D:4      | Found a basalt altar of Yredelemnul.
  4542 | D:4      | Became a worshipper of Yredelemnul the Dark
  4542 | D:4      | Reached * piety under Yredelemnul
  4542 | D:4      | Reached ** piety under Yredelemnul
  4788 | D:4      | Found a staircase to the Ecumenical Temple.
  4962 | D:4      | Killed Pikel
  4962 | D:4      | Reached skill level 8 in Unarmed Combat
  4962 | D:4      | Reached XP level 8. HP: 52/66 MP: 6/8
  4963 | D:4      | Upgraded the game from 0.24.1 to 0.24.1-1-gd1d2a07e1b
  5075 | D:5      | Entered Level 5 of the Dungeon
  5515 | D:5      | Noticed Menkaure
  5517 | D:5      | Killed Menkaure
  5621 | D:5      | Reached skill level 9 in Unarmed Combat
  5621 | D:5      | Reached XP level 9. HP: 52/72 MP: 10/10
  6240 | D:6      | Identified the +5 quarterstaff of Tipe {venom, Int+2}
  6389 | D:6      | Reached *** piety under Yredelemnul
  6389 | D:6      | Reached skill level 1 in Invocations
  6595 | D:6      | Reached skill level 1 in Staves
  6605 | D:6      | Slain by an orc

Levels and vault maps discovered:
D:1:      mrwooster_arrival_arrow, layout_loops_ring
D:2:      layout_basic, uniq_sigmund
D:3:      layout_basic, nicolae_overflow_crystal_walls, first_ration
D:4:      layout_layer_cave, lemuel_round_altar, old_standard_altar,
          minmay_temple_entry_antechambers, uniq_pikel, uniq_robin
D:5:      layout_layer_cave, uniq_menkaure
D:6:      cheibrodos_fzero, layout_loops_ring,
          nicolae_dithmenos_through_a_glass_darkly,
          gammafunk_temple_overflow_elements, gammafunk_ghost_cemetery,
          minmay_liquid_box, uniq_crazy_yiuf_cottage

Skill      XL: |  1  2  3  4  5  6  7  8  9 |
---------------+----------------------------+-----
Dodging        | 3 4 |  4.5
Unarmed Combat | 4 5 6 8 9 |  9.5
Stealth        | 3 4 |  4.5
Throwing       | 1 3 4 |  4.7
Fighting       | 4 |  4.7
Evocations     | 2 3 |  3.5
Invocations    | 1 |  1.0
Staves         | 1 |  1.2
Armour         | |  0.1

Action                   |  1- 3 |  4- 6 |  7- 9 || total
-------------------------+-------+-------+-------++-------
Melee: Unarmed           |    99 |   114 |   253 ||   466
       Punch             |     1 |     1 |     8 ||    10
Throw: Javelin           |       |    23 |    36 ||    59
       Stone             |       |     4 |    57 ||    61
Invok: Animate Dead      |       |       |    16 ||    16
       Animate Remains   |       |       |     5 ||     5
Evoke: Wand              |       |       |     8 ||     8
  Use: Scroll            |     4 |     8 |    12 ||    24
       Potion            |       |     1 |     3 ||     4
 Stab: Sleeping          |     6 |     7 |       ||    13
       Invisible         |       |       |     2 ||     2
  Eat: Chunk             |    11 |     7 |     6 ||    24
       Ration            |     1 |       |     5 ||     6
Armor: Robe              |    15 |     3 |       ||    18
       Leather armour    |       |    13 |    64 ||    77
Dodge: Dodged            |    65 |    48 |   114 ||   227
